 Dungeon Crawl Stone Soup version 0.28-a0-474-g535839065c (webtiles) character file.

Game seed: 1265026266585382991

170 sleeves the Ruffian (level 5, -1/36 (39) HPs)
             Began as a Demigod Transmuter on Sept 16, 2021.
             Slain by a kobold brigand (7 damage)
             ... on level 3 of the Dungeon.
             The game lasted 00:03:07 (2434 turns).

sleeves the Ruffian (Demigod Transmuter)            Turns: 2434, Time: 00:03:08

HP:   -1/36 (39)    AC:  4    Str: 15    XL:     5   Next: 4%
MP:   9/10          EV: 11    Int: 15    God:
Gold: 133           SH:  0    Dex: 14    Spells: 6/7 levels left

rFire   . . .      SeeInvis .     - Unarmed
rCold   . . .      Faith    .   (no shield)
rNeg    + . .      Spirit   .   h - +0 leather armour
rPois   .          Reflect  .   (helmet currently unavailable)
rElec   .          Harm     .   (no cloak)
rCorr   .          Rampage  .   e - +0 pair of gloves
Will    .....                   (boots currently unavailable)
Stlth   +.........              (no amulet)
HPRegen 0.12/turn               c - ring of positive energy
MPRegen 0.12/turn               (no ring)

@: mighty, lethally poisoned (-1 -> -5), appendages (expiring), attractive,
flying, drained
A: horns 2, talons 2, high mp 1, forlorn
a: End Transformation


You were on level 3 of the Dungeon.
You had temporarily grown beastly horns and talons.
You visited 1 branch of the dungeon, and saw 3 of its levels.

You collected 133 gold pieces.

Inventory:

Hand Weapons
 a - a +0 short sword of venom
   (You took it off a kobold on level 1 of the Dungeon)
Armour
 e - a +0 pair of gloves (worn)
   (You found it on level 1 of the Dungeon)
 h - a +0 leather armour (worn)
   (You found it on level 1 of the Dungeon)
Jewellery
 c - a ring of positive energy (left hand)
   (You found it on level 1 of the Dungeon)
Scrolls
 b - a scroll of identify {unknown}
 d - a scroll of fear {unknown}
 i - a scroll of holy word {unknown}
 j - a scroll of acquirement {unknown}
Potions
 k - a potion of ambrosia {unknown}


   Skills:
 - Level 0.8 Fighting
 - Level 1.7 Dodging
 + Level 4.9 Unarmed Combat
 - Level 1.7 Spellcasting
 - Level 3.0 Transmutations


You had 6 spell levels left.
You knew the following spells:

 Your Spells              Type           Power      Damage    Failure   Level
a - Beastly Appendage     Tmut           20%        N/A       9%          1

Your spell library contained the following spells:

 Spells                   Type           Power      Damage    Failure   Level
 Wereblood                Tmut           10%        N/A       12%         2
 Foxfire                  Conj/Fire      4%         2x1d4     28%         1
 Spider Form              Tmut/Pois      2%         N/A       41%         3
 Conjure Flame            Conj/Fire      1%         6-21      63%         3
 Dazzling Flash           Conj/Hex       2%         N/A       63%         3
 Inner Flame              Hex/Fire       1%         N/A       63%         3
 Ice Form                 Ice/Tmut       5%         N/A       83%         4
 Flame Wave               Conj/Fire      1%         3d3       95%         4
 Agony                    Necr           1%         N/A       100%        5
 Silence                  Hex/Air        0%         N/A       100%        5


Dungeon Overview and Level Annotations

Branches:
Dungeon (3/15)


Innate Abilities, Weirdness & Mutations

You have temporarily grown beastly horns and talons.
Your attributes grow dramatically as you level up.
You have an increased reservoir of magic. (+10% MP)
You shall have no god before yourself.


Message History

The bat is moderately wounded.
The bat completely misses you.
You closely miss the frilled lizard. You claw the frilled lizard.
You kill the frilled lizard!
No target in view!
No target in view!
No target in view!
No target in view!
No target in view!
A bat is nearby!
A bat is nearby!
A bat is nearby!
A bat is nearby!
A goblin comes into view. It is wielding a +0 dagger.
You barely miss the endoplasm. You claw the endoplasm.
The endoplasm is severely wounded.
Your transformation is almost over.
The endoplasm hits you.
You hit the endoplasm but do no damage.
The endoplasm is severely wounded.
You hit the endoplasm.
The endoplasm is almost dead.
The endoplasm hits you.
You hit the endoplasm.
You kill the endoplasm!
The bat hits you but does no damage. x2
You extend your transformation's duration.
The bat hits you. The goblin hits you with a +0 dagger.
You see here a +0 dagger.
You barely miss the goblin. You headbutt the goblin.
You kill the goblin!
The bat misses you. The bat closely misses you.
You closely miss the bat. You headbutt the bat.
You kill the bat!
No target in view!
No target in view!
No target in view!
Your transformation is almost over.
Your horns disappear.
Your talons disappear.
Key pressed, stopping explore.
No target in view!
No target in view!
No target in view!
A frilled lizard comes into view.
You see here a +0 pair of gloves.
The frilled lizard hisses angrily.
You closely miss the frilled lizard. The frilled lizard bites you.
You hit the frilled lizard.
The frilled lizard is heavily wounded.
The frilled lizard bites you but does no damage.
You closely miss the frilled lizard.
The frilled lizard is heavily wounded.
The frilled lizard bites you but does no damage.
You hit the frilled lizard.
You kill the frilled lizard!
No target in view!
No target in view!
d - a scroll labelled RATZAA HUINE
e - a +0 pair of gloves You start putting on your armour.
You continue putting on your +0 pair of gloves. x4
You finish putting on your +0 pair of gloves.
There is a stone staircase leading down here.
You see here a rat skeleton.
Found 17 stones.
You see here 17 stones.
f - a dark potion You see here a rat skeleton.
You now have 16 gold pieces (gained 6).
A kobold comes into view. It is wielding a +0 short sword.
A kobold is nearby!
You grow a pair of large bovine horns.
Your feet morph into talons.
The kobold shouts!
The kobold completely misses you.
You hit the kobold.
You kill the kobold!
No target in view!
No target in view!
No target in view!
No target in view!
No target in view!
No target in view!
No target in view!
No target in view!
No target in view!
Your transformation is almost over.
Things that are here:
a +0 short sword; a kobold corpse Your horns disappear.
Your talons disappear.
Found a robe.
A jackal and an endoplasm come into view.
The jackal barks!
You hear a bark!
A jackal comes into view.
The jackal moves out of view.
The jackal barks!
The endoplasm quivers.
There are monsters nearby!
The jackal bites you.
You barely miss the jackal.
The jackal bites you but does no damage.
You hit the jackal but do no damage. The jackal closely misses you. x2
You grow a pair of large bovine horns.
Your feet morph into talons.
The jackal closely misses you.
You hit the jackal. You claw the jackal.
You kill the jackal!
You hit the endoplasm but do no damage. The endoplasm freezes you.
You are frozen.
You hit the endoplasm but do no damage. The endoplasm completely misses you.
You hit the endoplasm. You claw the endoplasm.
You kill the endoplasm!
You hit the jackal. You claw the jackal.
You kill the jackal!
No target in view!
No target in view!
No target in view!
No target in view!
No target in view!
No target in view!
No target in view!
No target in view!
No target in view!
No target in view!
No target in view!
Your transformation is almost over.
A jackal comes into view.
A jackal is nearby!
A jackal is nearby!
A jackal is nearby!
The jackal closely misses you.
You see here a jackal corpse.
You extend your transformation's duration.
The jackal misses you.
You hit the jackal but do no damage. You claw the jackal.
You kill the jackal!
No target in view!
No target in view!
Unknown command.
Unknown command.
Your transformation is almost over.
Your horns disappear.
Your talons disappear.
You now have 23 gold pieces (gained 7).
g - a golden potion A quokka comes into view.
Found a stone staircase leading down.
A quokka is nearby!
You grow a pair of large bovine horns.
Your feet morph into talons.
No target in view!
No target in view!
Your transformation is almost over.
A quokka is nearby!
You see here 12 gold pieces.
A hobgoblin comes into view.
Found 12 gold pieces.
The quokka bites you but does no damage.
You hit the quokka. Your kick misses the quokka.
The quokka is lightly wounded.
The quokka bites you.
You closely miss the quokka. Your kick misses the quokka.
The quokka is lightly wounded.
The hobgoblin shouts!
The quokka misses you.
An endoplasm comes into view.
The endoplasm quivers.
You hit the quokka but do no damage. Your kick misses the quokka.
The quokka is lightly wounded.
The quokka bites you but does no damage.
A hobgoblin comes into view.
You hit the quokka.
The quokka is heavily wounded.
The quokka bites you.
You barely miss the quokka. You claw the quokka.
The quokka is severely wounded.
The quokka closely misses you. x2
You closely miss the quokka. Your kick misses the quokka.
The quokka is heavily wounded.
The quokka bites you.
You hit the quokka.
You kill the quokka!
You hit the endoplasm. You claw the endoplasm.
You kill the endoplasm!
Your horns disappear.
Your talons disappear.
You hit the hobgoblin but do no damage. The hobgoblin misses you.
You hit the hobgoblin but do no damage.
The hobgoblin hits you but does no damage.
You hit the hobgoblin.
You kill the hobgoblin!
The hobgoblin hits you but does no damage.
You have reached level 3!
Your experience leads to a dramatic increase in your attributes!
Increase (S)trength, (I)ntelligence, or (D)exterity?
You feel stronger. x4
You punch the hobgoblin!
You kill the hobgoblin!
No target in view!
No target in view!
Things that are here:
a hobgoblin corpse; a quokka corpse You now have 35 gold pieces (gained 12).
Found a leather armour.
There is a stone staircase leading down here.
You now have 47 gold pieces (gained 12).
Found a robe.
A goblin comes into view. It is wielding a +0 club.
The helpless goblin fails to defend itself.
You hit the goblin.
You kill the goblin!
No target in view!
Search for what [? for help]? armor You see here a +0 robe.
You see here a +0 leather armour.
h - a +0 leather armour You start removing your armour.
You continue taking off your +0 robe. x4
You finish taking off your +0 robe.
You start putting on your armour.
You continue putting on your +0 leather armour. x5
You finish putting on your +0 leather armour.
Drop what? 8/52 slots (_ for help) (? for menu, Esc to quit)
You drop a +0 robe.
c - a ring of positive energy (left hand)
A kobold comes into view.
It is wielding a +0 short sword of venom.
The kobold shouts!
The kobold throws a stone.
The stone misses you.
A kobold is nearby!
A kobold is nearby!
A kobold is nearby!
You miscast Beastly Appendage.
You are very lightly contaminated with residual magic.
Nothing appears to happen.
You start resting.
A kobold is nearby!
You grow a pair of large bovine horns.
Your feet morph into talons.
The kobold throws a stone.
The stone misses you.
Your magical contamination has completely faded away.
The kobold throws a stone.
The stone barely misses you.
A rat comes into view.
The kobold hits you with a +0 short sword of venom.
You are poisoned.
You barely miss the kobold. Your kick misses the kobold.
You feel sick. The kobold hits you but does no damage.
A rat comes into view.
You hit the kobold but do no damage. The kobold closely misses you.
You hit the kobold. Your kick misses the kobold. You headbutt the kobold.
You kill the kobold!
You feel sick.
You feel sick.
Things that are here:
a +0 short sword of venom; 4 stones You feel sick.
You hit the rat but do no damage.
Your transformation is almost over.
You feel sick.
You are no longer poisoned.
The rat closely misses you.
You closely miss the rat. You claw the rat.
You kill the rat!
You hit the rat.
You kill the rat!
No target in view!
No target in view!
You start resting.
Magic restored.
You start resting.
Your horns disappear.
Your talons disappear.
You start resting.
HP restored.
Things that are here:
a +0 short sword of venom; 4 stones
a - a +0 short sword of venom You see here a rat corpse.
Things that are here:
a +0 club; a goblin corpse A giant cockroach comes into view.
A giant cockroach is nearby!
You grow a pair of large bovine horns.
Your feet morph into talons.
The giant cockroach bites you but does no damage.
You hit the giant cockroach.
You claw the giant cockroach, but do no damage.
You headbutt the giant cockroach.
You kill the giant cockroach!
No target in view!
No target in view!
No target in view!
No target in view!
No target in view!
Magic restored.
You see here a giant cockroach corpse.
Your transformation is almost over.
Your horns disappear.
Your talons disappear.
You see here a +0 robe.
You open the door.
A frilled lizard comes into view.
The frilled lizard hisses angrily.
A frilled lizard is nearby!
A frilled lizard is nearby!
A frilled lizard is nearby!
The frilled lizard bites you but does no damage.
There is an open door here.
You completely miss the frilled lizard. The frilled lizard closely misses you.
You barely miss the frilled lizard. The frilled lizard closely misses you.
You hit the frilled lizard.
You kill the frilled lizard!
No target in view!
No target in view!
No target in view!
No target in view!
No target in view!
No target in view!
You see here a giant cockroach corpse.
You see here a +0 short sword.
Done exploring.
Done exploring.
Done exploring.
Done exploring.
No target in view!
(D) Dungeon
Where to? (Enter - D:1 @ (x,y), ? - help)
There is a stone staircase leading down here.
You climb downwards.
There is a stone staircase leading up here.
An endoplasm comes into view.
An endoplasm is nearby!
You grow a pair of large bovine horns.
Your feet morph into talons.
The endoplasm quivers.
You hit the endoplasm. Your kick misses the endoplasm.
You headbutt the endoplasm.
You kill the endoplasm!
No target in view!
No target in view!
No target in view!
No target in view!
Magic restored.
Your transformation is almost over.
A kobold comes into view. It is wielding a +0 club.
A kobold is nearby!
A kobold is nearby!
You extend your transformation's duration.
The kobold hits you with a +0 club.
You barely miss the kobold. Your kick misses the kobold.
You headbutt the kobold.
You kill the kobold!
No target in view!
No target in view!
No target in view!
No target in view!
Your transformation is almost over.
HP restored.
Your horns disappear.
Your talons disappear.
You see here a +0 club.
A hobgoblin comes into view.
A hobgoblin is nearby!
A hobgoblin is nearby!
A hobgoblin is nearby!
The hobgoblin shouts!
You grow a pair of large bovine horns.
Your feet morph into talons.
You hit the hobgoblin. Your kick misses the hobgoblin.
The hobgoblin is heavily wounded.
An endoplasm comes into view.
The hobgoblin hits you but does no damage.
You hit the hobgoblin but do no damage.
The hobgoblin is heavily wounded.
A quokka comes into view.
The hobgoblin hits you.
You hit the hobgoblin.
You kill the hobgoblin!
A ball python comes into view.
The ball python hisses angrily.
The endoplasm barely misses you.
You see here a hobgoblin corpse.
You hit the quokka. You claw the quokka.
You kill the quokka!
The endoplasm closely misses you.
You hit the endoplasm.
The endoplasm is lightly wounded.
The endoplasm closely misses you.
You hit the endoplasm.
The endoplasm is moderately wounded.
The endoplasm hits you but does no damage.
An endoplasm comes into view.
The endoplasm quivers.
You hit the endoplasm.
You claw the endoplasm, but do no damage.
The endoplasm is heavily wounded.
The endoplasm freezes you.
You are frozen.
You hit the endoplasm.
The endoplasm is severely wounded.
The endoplasm closely misses you.
You hit the endoplasm.
You kill the endoplasm!
The ball python bites you but does no damage.
The ball python grabs you. The ball python constricts you.
You hit the ball python.
You kill the ball python!
You hit the endoplasm.
The endoplasm is almost dead.
The endoplasm barely misses you.
You hit the endoplasm but do no damage. You claw the endoplasm.
You kill the endoplasm!
No target in view!
No target in view!
No target in view!
No target in view!
No target in view!
No target in view!
No target in view!
No target in view!
No target in view!
No target in view!
No target in view!
No target in view!
No target in view!
No target in view!
Your transformation is almost over.
Your horns disappear.
Your talons disappear.
You see here a ball python corpse.
i - a scroll labelled ASTRUTHURICS You see here a ball python corpse.
You see here a hobgoblin corpse.
Found a stone staircase leading up.
A jackal comes into view.
Found 2 curare-tipped darts.
A jackal is nearby!
You grow a pair of large bovine horns.
Your feet morph into talons.
A jackal comes into view.
The jackal barks!
A hobgoblin comes into view.
Found a war axe.
The jackal closely misses you.
The hobgoblin shouts!
You hit the jackal but do no damage. Your headbutt misses the jackal.
You hear an angry hiss.
The jackal bites you.
You barely miss the jackal. The jackal bites you.
A frilled lizard comes into view.
You hit the jackal. You claw the jackal, but do no damage.
The jackal is heavily wounded.
Your transformation is almost over.
The jackal completely misses you.
You barely miss the jackal.
The jackal is heavily wounded.
The jackal closely misses you.
You closely miss the jackal. You claw the jackal.
You kill the jackal!
You hit the hobgoblin.
The hobgoblin is moderately wounded.
The hobgoblin hits you.
You barely miss the hobgoblin. You claw the hobgoblin.
You kill the hobgoblin!
The jackal closely misses you.
You hit the jackal.
You kill the jackal!
You completely miss the frilled lizard.
Your headbutt misses the frilled lizard.
The frilled lizard misses you.
You closely miss the frilled lizard. You claw the frilled lizard.
Your headbutt misses the frilled lizard.
The frilled lizard is heavily wounded.
The frilled lizard closely misses you.
You completely miss the frilled lizard.
The frilled lizard is heavily wounded.
Your horns disappear.
Your talons disappear.
The frilled lizard bites you but does no damage.
You closely miss the frilled lizard.
The frilled lizard is heavily wounded.
The frilled lizard barely misses you.
You hit the frilled lizard.
You kill the frilled lizard!
No target in view!
No target in view!
No target in view!
No target in view!
No target in view!
No target in view!
No target in view!
No target in view!
No target in view!
No target in view!
A quokka comes into view.
A quokka is nearby!
A quokka is nearby!
A quokka is nearby!
Things that are here:
a jackal corpse; a hobgoblin corpse; a jackal corpse You grow a pair of large bovine horns.
Your feet morph into talons.
You miss the quokka. Your kick misses the quokka. You headbutt the quokka.
The quokka is severely wounded.
The quokka bites you.
The quokka bites you but does no damage.
You hit the quokka.
You kill the quokka!
No target in view!
No target in view!
No target in view!
No target in view!
No target in view!
No target in view!
No target in view!
No target in view!
Your transformation is almost over.
Your horns disappear.
Your talons disappear.
There is a stone staircase leading up here.
You now have 51 gold pieces (gained 4).
j - a scroll labelled ICSEME GULLO You now have 52 gold pieces (gained 1).
Found 23 stones.
You see here 23 stones.
Found a stone staircase leading down.
An adder comes into view.
Found a robe.
Found 11 gold pieces.
A giant cockroach comes into view.
You hit the adder.
The adder is moderately wounded.
The adder bites you but does no damage.
You grow a pair of large bovine horns.
Your feet morph into talons.
The adder bites you. The adder closely misses you.
You hit the adder. Your kick misses the adder.
The adder is heavily wounded.
The adder bites you but does no damage.
You closely miss the adder. Your kick misses the adder.
The adder is heavily wounded.
The adder closely misses you.
You completely miss the adder.
The adder is heavily wounded.
The adder bites you but does no damage.
You hit the adder.
You kill the adder!
Your transformation is almost over.
The giant cockroach completely misses you.
Training target 3.0 for Transmutations reached!
Your Transmutations skill increases to level 3!
You hit the giant cockroach. You claw the giant cockroach.
The giant cockroach is almost dead.
The giant cockroach misses you.
You hit the giant cockroach.
You kill the giant cockroach!
No target in view!
No target in view!
No target in view!
No target in view!
No target in view!
No target in view!
No target in view!
No target in view!
No target in view!
No target in view!
No target in view!
No target in view!
No target in view!
No target in view!
Your horns disappear.
Your talons disappear.
Things that are here:
a giant cockroach corpse; an adder corpse
Found a spear and 16 stones.
Found an escape hatch in the floor.
You now have 63 gold pieces (gained 11).
A rat comes into view.
A rat is nearby!
A rat is nearby!
You grow a pair of large bovine horns.
Your feet morph into talons.
You hit the rat but do no damage. You claw the rat, but do no damage.
Your headbutt misses the rat. The rat closely misses you.
You hit the rat.
The rat is heavily wounded.
The rat completely misses you.
You hit the rat.
You kill the rat!
No target in view!
No target in view!
No target in view!
No target in view!
No target in view!
No target in view!
Your transformation is almost over.
Found 20 arrows.
Your horns disappear.
Your talons disappear.
You now have 74 gold pieces (gained 11).
Found an escape hatch in the ceiling.
A bat comes into view.
Found a book of Flames.
A bat is nearby!
You miscast Beastly Appendage.
You are very lightly contaminated with residual magic.
Nothing appears to happen.
A ball python comes into view.
The ball python hisses angrily.
You hear an angry hiss.
The bat closely misses you.
A rat comes into view.
An adder comes into view.
You closely miss the bat. The bat hits you but does no damage.
You miss the bat. The bat closely misses you.
You hit the bat.
The bat is severely wounded.
The bat hits you but does no damage.
You hit the ball python.
You kill the ball python!
The bat misses you.
You closely miss the bat.
The bat is moderately wounded.
The bat hits you but does no damage. The bat barely misses you.
Your magical contamination has completely faded away.
You closely miss the adder. The bat barely misses you. The adder bites you.
You barely miss the adder. The bat hits you.
The adder bites you but does no damage.
You hit the adder.
The adder is heavily wounded.
The adder bites you but does no damage. The bat hits you but does no damage.
You hit the adder.
The adder is almost dead.
The bat closely misses you. The bat misses you.
The adder bites you but does no damage. The adder completely misses you.
You hit the adder.
You kill the adder!
The bat hits you but does no damage. The bat hits you but does no damage.
The bat hits you but does no damage.
You closely miss the bat. The bat barely misses you.
The bat hits you but does no damage.
You miss the bat. The bat closely misses you.
You hit the bat.
The bat is moderately wounded.
The bat closely misses you.
You hit the bat.
The bat is severely wounded.
The bat barely misses you. The bat closely misses you.
You closely miss the bat.
The bat is severely wounded.
The bat misses you. The bat barely misses you.
The bat hits you but does no damage.
You barely miss the bat.
The bat is severely wounded.
The bat hits you but does no damage. The bat hits you but does no damage.
The bat barely misses you.
Found a stone staircase leading down.
The bat barely misses you. The bat barely misses you.
The bat hits you but does no damage. x2
You see here a book of Flames.
The bat barely misses you. The bat hits you.
There are monsters nearby!
There are monsters nearby!
You barely miss the bat.
The bat is severely wounded.
The bat closely misses you. The bat barely misses you.
You barely miss the rat. The rat closely misses you.
You barely miss the bat.
The bat is severely wounded.
The bat barely misses you. The rat bites you but does no damage.
You hit the rat.
You kill the rat!
The bat barely misses you. The bat hits you but does no damage.
You see here a rat corpse.
You hit the bat but do no damage.
The bat is moderately wounded.
The bat closely misses you.
You miss the bat.
The bat is moderately wounded.
The bat hits you but does no damage. The bat hits you.
The bat barely misses you.
You hit the bat.
You kill the bat!
No target in view!
No target in view!
No target in view!
No target in view!
No target in view!
No target in view!
No target in view!
No target in view!
You grow a pair of large bovine horns.
Your feet morph into talons.
Your transformation is almost over.
Your horns disappear.
Your talons disappear.
You pick up a book of Flames and begin reading...
You add the spells Foxfire, Conjure Flame, Inner Flame and Flame Wave to your library.
Okay, then.
You grow a pair of large bovine horns.
Your feet morph into talons.
Your transformation is almost over.
Found 31 sling bullets.
You see here 31 sling bullets.
Your horns disappear.
Your talons disappear.
A goblin comes into view. It is wielding a +0 dagger.
A goblin is nearby!
A goblin is nearby!
The helpless goblin fails to defend itself.
You hit the goblin.
The goblin is severely wounded.
The goblin hits you but does no damage.
You closely miss the goblin.
The goblin is severely wounded.
The goblin misses you.
You miss the goblin.
The goblin is severely wounded.
The goblin hits you with a +0 dagger.
You closely miss the goblin.
The goblin is severely wounded.
The goblin hits you but does no damage.
You hit the goblin.
You kill the goblin!
You have reached level 4!
You now have 85 gold pieces (gained 11).
You pick up a book of the Senses and begin reading...
You add the spells Dazzling Flash, Agony and Silence to your library.
Found a stone staircase leading up.
You see here a +0 war axe.
You see here an adder skeleton.
There is an escape hatch in the floor here.
Found a stone staircase leading down.
Found a hand axe.
k - a red potion You now have 93 gold pieces (gained 8).
You see here a +0 hand axe.
You now have 108 gold pieces (gained 15).
Done exploring.
Done exploring.
Done exploring.
(D) Dungeon
Where to? (Enter - D:2, ? - help)
There is a stone staircase leading down here.
You climb downwards.
Found 6 gold pieces.
There is a stone staircase leading up here.
There are monsters nearby!
Unknown command.
You grow a pair of large bovine horns.
Your feet morph into talons.
The frilled lizard hisses angrily.
You hit the frilled lizard.
You kill the frilled lizard!
The helpless endoplasm fails to defend itself.
You hit the endoplasm but do no damage. The endoplasm freezes you.
You are frozen.
You hit the endoplasm.
You kill the endoplasm!
You barely miss the hobgoblin. You claw the hobgoblin.
The hobgoblin is heavily wounded.
The hobgoblin closely misses you.
You punch the hobgoblin!
You kill the hobgoblin!
Your Unarmed Combat skill increases to level 4!
No target in view!
No target in view!
No target in view!
No target in view!
No target in view!
Your transformation is almost over.
Magic restored.
Your horns disappear.
Your talons disappear.
HP restored.
You now have 114 gold pieces (gained 6).
A kobold comes into view. It is wielding a +0 club.
A kobold is nearby!
A kobold is nearby!
A kobold is nearby!
You see here a bubbling golden potion.
You grow a pair of large bovine horns.
Your feet morph into talons.
You hit the kobold. You claw the kobold.
You kill the kobold!
No target in view!
No target in view!
No target in view!
No target in view!
Things that are here:
a +0 club; 5 stones; a kobold corpse
l - a bubbling golden potion Your transformation is almost over.
Things that are here:
a +0 club; 5 stones; a kobold corpse
Found a robe.
Your horns disappear.
Your talons disappear.
An orc comes into view. It is wielding a +0 club.
You grow a pair of large bovine horns.
Your feet morph into talons.
The orc shouts!
You hear a shout!
An orc comes into view. It is wielding a +0 mace.
An orc comes into view. It is wielding a +0 hand axe.
The orc shouts!
You hear a shout! x2
An orc priest comes into view. It is wielding a +0 hand axe.
You hear a shout!
An orc comes into view. It is wielding a +0 whip.
The orc shouts!
The orc priest shouts!
A kobold comes into view. It is wielding a +0 short sword.
The orc barely misses you.
You hit the orc. Your kick misses the orc.
The orc is severely wounded.
The orc barely misses you.
You hit the orc.
You kill the orc!
Your transformation is almost over.
The orc hits you with a +0 mace.
A hobgoblin comes into view.
You see here a +0 club.
You hit the orc. You claw the orc.
The orc is severely wounded.
The orc closely misses you.
The orc priest casts a cantrip, but nothing happens.
You barely miss the orc. Your kick misses the orc.
Your headbutt misses the orc.
The orc is severely wounded.
The orc hits you with a +0 mace.
The hobgoblin falls through a shaft!
The shaft crumbles and collapses.
You closely miss the orc.
The orc is severely wounded.
The orc closely misses you.
You hit the orc.
You kill the orc!
You hit the orc. Your headbutt misses the orc.
The orc is heavily wounded.
The orc completely misses you.
The orc priest looks braver for a moment.
Your horns disappear.
Your talons disappear.
The orc priest mumbles some strange prayers to Beogh against you.
Beogh smites you!
* * * LOW HITPOINT WARNING * * *
You see here a +0 robe.
Things that are here:
a +0 club; 5 stones; a kobold corpse The orc hits you with a +0 hand axe.
* * * LOW HITPOINT WARNING * * *
There is a stone staircase leading up here.
The orc barely misses you.
You climb upwards.
There is a stone staircase leading down here.
You can't go up here!
You hit the orc.
The orc is heavily wounded.
The orc hits you but does no damage.
You punch the orc!
You kill the orc!
You now have 133 gold pieces (gained 19).
Things that are here:
a +0 hand axe; an orc corpse You start resting.
HP restored.
There is a stone staircase leading down here.
There is a stone staircase leading down here.
You climb downwards.
Found a leather armour.
There is a stone staircase leading up here.
You grow a pair of large bovine horns.
Your feet morph into talons.
The ball python hisses angrily.
You barely miss the ball python. Your headbutt misses the ball python.
The ball python barely misses you. The ball python completely misses you.
You hit the ball python.
You kill the ball python!
No target in view!
No target in view!
No target in view!
No target in view!
No target in view!
Magic restored.
Your transformation is almost over.
Your horns disappear.
Your talons disappear.
Found a stone staircase leading down.
A kobold comes into view. It is wielding a +0 dagger.
The kobold shouts!
You hear a shout!
A kobold comes into view. It is wielding a +0 club.
The kobold moves out of view.
A kobold is nearby!
You grow a pair of large bovine horns.
Your feet morph into talons.
The kobold shouts!
A kobold comes into view. It is wielding a +0 dagger.
The kobold shouts!
You hear a shout!
You barely miss the kobold. You claw the kobold.
You kill the kobold!
The kobold closely misses you.
Things that are here:
a +0 dagger; a kobold corpse You closely miss the kobold.
You claw the kobold, but do no damage. You headbutt the kobold.
You kill the kobold!
Your transformation is almost over.
You closely miss the kobold. You hit the kobold.
You kill the kobold!
No target in view!
No target in view!
No target in view!
No target in view!
No target in view!
No target in view!
No target in view!
No target in view!
No target in view!
No target in view!
No target in view!
No target in view!
No target in view!
No target in view!
No target in view!
A hobgoblin comes into view. It is wielding a +0 club.
Things that are here:
a +0 dagger; a +0 club; a kobold corpse A hobgoblin is nearby!
A hobgoblin is nearby!
A hobgoblin is nearby!
You extend your transformation's duration.
No target in view!
No target in view!
No target in view!
A hobgoblin is nearby!
A kobold and a kobold brigand come into view.
The kobold brigand is wielding a +0 club and quivering poisoned darts.
The hobgoblin hits you with a +0 club.
The kobold brigand shouts!
You hit the hobgoblin. Your headbutt misses the hobgoblin.
The hobgoblin is moderately wounded.
You hear a shout!
A kobold comes into view. It is wielding a +0 club.
The hobgoblin hits you with a +0 club.
You hit the hobgoblin.
You kill the hobgoblin!
You see here a +0 club.
You punch the kobold!
You kill the kobold!
A kobold brigand comes into view.
It is wielding a +1 dagger of draining and quivering poisoned darts.
The kobold brigand throws a poisoned dart.
The poisoned dart closely misses you.
Unknown command.
Your transformation is almost over.
Things that are here:
a +0 dagger; a +0 club; a kobold corpse
Things that are here:
a +0 dagger; a kobold corpse Your horns disappear.
Your talons disappear.
Your +0 short sword of venom begins to drip with poison!
a - a +0 short sword of venom (weapon)
The kobold hits you with a +0 club.
You hit the kobold.
You kill the kobold!
The kobold brigand hits you but does no damage.
Things that are here:
a +0 club; a kobold corpse You closely miss the kobold brigand.
The kobold brigand hits you with a +0 club.
You closely miss the kobold brigand. The kobold brigand closely misses you.
You hit the kobold brigand but do no damage.
The kobold brigand is poisoned.
The kobold brigand completely misses you.
You barely miss the kobold brigand.
The kobold brigand hits you but does no damage.
You hit the kobold brigand.
The kobold brigand looks as sick as possible!
The kobold brigand is lightly wounded.
The kobold brigand closely misses you.
The kobold brigand throws a poisoned dart.
The poisoned dart closely misses you.
There is a stone staircase leading up here.
The kobold brigand hits you with a +0 club.
You miss the kobold brigand.
The kobold brigand is moderately wounded.
The kobold brigand hits you with a +0 club.
Your +0 short sword of venom stops dripping with poison.
You are now empty-handed.
The kobold brigand barely misses you.
Casting: Beastly Appendage (safe; 9% risk of failure)
Confirm with . or Enter, or press ? or * to list all spells.
You grow a pair of large bovine horns.
Your feet morph into talons.
The kobold brigand misses you.
You closely miss the kobold brigand. You claw the kobold brigand.
You headbutt the kobold brigand!
The kobold brigand is severely wounded.
The kobold brigand closely misses you.
You hit the kobold brigand. You claw the kobold brigand.
The kobold brigand is almost dead.
You hit the kobold brigand but do no damage.
The kobold brigand is almost dead.
You kill the kobold brigand!
The kobold brigand throws a poisoned dart.
The poisoned dart hits you!
You are poisoned.
You have reached level 5!
You feel very sick.
The kobold brigand hits you with a +1 dagger of draining!
* * * LOW HITPOINT WARNING * * *
You partially resist.
You feel drained.
Things that are here:
a +0 club; 16 poisoned darts You closely miss the kobold brigand.
Your headbutt misses the kobold brigand.
You feel sick.
The kobold brigand hits you with a +1 dagger of draining.
* * * LOW HITPOINT WARNING * * *
You partially resist.
You feel drained.
* * * LOW HITPOINT WARNING * * *
It was a potion of attraction.
You feel attractive to monsters.
You feel sick.
The kobold brigand hits you but does no damage.
You partially resist.
It was a potion of might.
You feel very mighty all of a sudden.
You feel sick. The kobold brigand closely misses you.
It was a potion of flight.
You feel very buoyant.
You fly up into the air.
Your transformation is almost over.
You feel sick.
The kobold brigand hits you with a +1 dagger of draining!
You die...

.#..#
......#####..[###)##
....##### .####
#...o....# #...))..##
#...###..##
#######..# #####
#...# ##K### ###.#
#...## ### ###..#
########.
##.######<.....[.
#....K@..#######
#####..######
#......####
....####....##
############ ..
####..####..........#
##....#..........#
####............#
###......>...#
#..........#


You could see a kobold brigand.

Vanquished Creatures
  A kobold brigand (D:3)
  2 adders (D:2)
  3 orcs
  7 endoplasms
  3 giant cockroaches
  7 hobgoblins
  7 jackals
  5 quokkas
  8 ball pythons
  2 bats
  6 frilled lizards
  5 goblins
  9 kobolds
  7 rats
72 creatures vanquished.

Notes
Turn   | Place    | Note
-------+----------+-------------------------------------------
     0 | D:1      | sleeves the Demigod Transmuter began the quest for the Orb.
     0 | D:1      | Reached XP level 1. HP: 15/15 MP: 5/5
    26 | D:1      | Reached skill level 2 in Transmutations
   158 | D:1      | Reached skill level 3 in Unarmed Combat
   203 | D:1      | Reached XP level 2. HP: 22/22 MP: 5/7
   795 | D:1      | Reached XP level 3. HP: 20/27 MP: 8/8
  1605 | D:2      | Reached skill level 3 in Transmutations
  1813 | D:2      | Reached XP level 4. HP: 30/34 MP: 9/9
  2015 | D:3      | Reached skill level 4 in Unarmed Combat
  2113 | D:3      | HP: 16/34 [orc priest/divine providence (13)]
  2119 | D:3      | HP: 16/34 [orc (1)]
  2390 | D:3      | Noticed a kobold brigand
  2394 | D:3      | Noticed a kobold brigand
  2429 | D:3      | Killed a kobold brigand
  2430 | D:3      | Reached XP level 5. HP: 28/39 MP: 8/10
  2430 | D:3      | HP: 18/39 [kobold brigand (8)]
  2432 | D:3      | HP: 8/36 [poisoned by a kobold brigand]
  2434 | D:3      | Slain by a kobold brigand

Illustrated notes

Levels and vault maps discovered:
D:1:      dpeg_arrival_central, layout_loops_ring, basic_ecumenical_altar,
          nrook_mini_vaults, grunt_decor_one_mirror, grunt_decor_resistance,
          minmay_pentomino_v4
D:2:      layout_basic
D:3:      cheibrodos_thug_alley, layout_rooms, small_statue_intersection

Skill      XL: |  1  2  3  4 |
---------------+-------------+-----
Transmutations | 2 3 |  3.0
Unarmed Combat | 3 4 |  4.9
Fighting       | |  0.8
Dodging        | |  1.7
Spellcasting   | |  1.7

Action                   |  1- 3 |  4- 6 || total
-------------------------+-------+-------++-------
Melee: Unarmed           |   147 |    28 ||   175
       Kick              |    26 |     7 ||    33
       Headbutt          |     8 |     2 ||    10
       Short sword       |       |     7 ||     7
 Cast: Beastly Appendage |    26 |     7 ||    33
  Use: Potion            |       |     3 ||     3
 Stab: Sleeping          |     3 |     1 ||     4
Armor: Robe              |    19 |       ||    19
       Leather armour    |    32 |     4 ||    36
Dodge: Dodged            |    91 |    19 ||   110

Table legend: (Time is in decaauts)
 A = Elapsed time spent in this place.
 B = Non-inter-level travel time spent in this place.
 C = Inter-level travel time spent in this place.
 D = Time resting spent in this place.
 E = Time spent auto-exploring this place.
 F = Levels seen in this place.
 G = Mean time per level.
                   A        B        C        D        E       F      G
               +--------+--------+--------+--------+--------+-----+--------+
         Total |   2422 |   2353 |     69 |    226 |   1680 |   3 |  807.3 |
       Dungeon |   2422 |   2353 |     69 |    226 |   1680 |   3 |  807.3 |
               +--------+--------+--------+--------+--------+-----+--------+

Top non-repeatable levels by time:
     D:1: 1326 daAuts
     D:2: 852 daAuts
     D:3: 242 daAuts
